[Event "Schack-SM 2024: Junior-SM"]
[Site "Fortnox Arena, Hejaregatan 5, Vaxjo, Sweden"]
[Date "2024.07.03"]
[Round "5.5"]
[White "Seo, Jung Hyun"]
[Black "Falkevall, Axel"]
[Result "1/2-1/2"]
[TimeControl "90 minutes for 40 moves + 30 minutes for the rest of the game + 30 seconds per move from move one."]
[BlackTitle "FM"]
[WhiteElo "2137"]
[BlackElo "2318"]

1. e4 e5 2. Nf3 Nc6 3. d4 exd4 4. Nxd4 Nf6 5. Nxc6 bxc6 6. e5 Qe7 7. Qe2 Nd5 8. c4 Ba6 9. Qe4 Nf6 10.
Qe2 Nd5 11. Qe4 Nb4 12. Nc3 Rd8 13. Kd1 d5 14. exd6 Rxd6+ 15. Bd2 c5 16. a3 Nc6 17. Qxe7+ Bxe7 18. Nd5 Nd4 19. Nxc7+ Kd7 20.
Nd5 Nb3 21. Rb1 Nxd2 22. Kxd2 Bb7 23. Kc2 Bxd5 1/2-1/2

[Event "Schack-SM 2024: Junior-SM"]
[Site "Fortnox Arena, Hejaregatan 5, Vaxjo, Sweden"]
[Date "2024.07.03"]
[Round "5.1"]
[White "Valcu, Lavinia"]
[Black "Wernberg, Hugo"]
[Result "1/2-1/2"]
[TimeControl "90 minutes for 40 moves + 30 minutes for the rest of the game + 30 seconds per move from move one."]
[BlackTitle "FM"]
[WhiteElo "1971"]
[BlackElo "2208"]

1. d4 d5 2. Bf4 Nf6 3. e3 e6 4. c4 Bb4+ 5. Nd2 c5 6. Ngf3 Nc6 7. dxc5 Bxc5 8. a3 a5 9. Rc1 Ba7 10.
cxd5 exd5 11. Bb5 O-O 12. O-O d4 13. e4 h6 14. Re1 Nh5 15. Bg3 Nxg3 16. hxg3 Qb6 17. Bd3 Bg4 18. Qc2 Rae8 19. Qb1 1/2-1/2

[Event "Schack-SM 2024: Junior-SM"]
[Site "Fortnox Arena, Hejaregatan 5, Vaxjo, Sweden"]
[Date "2024.07.02"]
[Round "4.1"]
[White "Frank, Anton 2006"]
[Black "Valcu, Lavinia"]
[Result "1/2-1/2"]
[TimeControl "90 minutes for 40 moves + 30 minutes for the rest of the game + 30 seconds per move from move one."]
[WhiteElo "2131"]
[BlackElo "1971"]

1. e4 c5 2. Nf3 d6 3. d4 cxd4 4. Nxd4 Nf6 5. Nc3 a6 6. Bg5 e6 7. f4 Be7 8. Qf3 Qc7 9. O-O-O Nbd7 10.
g4 b5 11. Bxf6 Nxf6 12. g5 Nd7 13. f5 O-O 14. Rg1 b4 15. Na4 e5 16. f6 exd4 17. fxe7 Re8 18. Rxd4 Ne5 19. Qf2 Rb8 20.
b3 Qxe7 21. Rd2 Bb7 22. Bg2 Qxg5 23. Kb1 Qh6 24. Bh1 Bc6 25. Nb2 Re6 26. Rgd1 Rb7 27. Qf5 Rbe7 28. Qf2 Rb7 29. Qf5 Bd7 30.
Qf1 Bb5 31. Qf5 Bd7 32. Qf1 Bb5 33. Qf5 1/2-1/2

[Event "Schack-SM 2024: Junior-SM"]
[Site "Fortnox Arena, Hejaregatan 5, Vaxjo, Sweden"]
[Date "2024.07.02"]
[Round "4.2"]
[White "Wernberg, Hugo"]
[Black "Nilsson, Oliver"]
[Result "1-0"]
[TimeControl "90 minutes for 40 moves + 30 minutes for the rest of the game + 30 seconds per move from move one."]
[WhiteTitle "FM"]
[WhiteElo "2208"]
[BlackElo "2099"]

1. c4 c6 2. Nf3 d5 3. g3 Nf6 4. Bg2 g6 5. O-O Bg7 6. b3 O-O 7. d4 a5 8. Bb2 a4 9. Nc3 a3 10.
Bc1 dxc4 11. bxc4 Qa5 12. Qb3 b5 13. cxb5 Be6 14. Qc2 cxb5 15. Ng5 Bf5 16. e4 Rc8 17. exf5 Rxc3 18. Qb1 b4 19.
Bd2 Nd5 20. Bxc3 Nxc3 21. Qb3 Nd7 22. Qxf7+ Kh8 23. Ne6 Rg8 24. Nxg7 1-0

[Event "Schack-SM 2024: Junior-SM"]
[Site "Fortnox Arena, Hejaregatan 5, Vaxjo, Sweden"]
[Date "2024.07.02"]
[Round "4.3"]
[White "Grahn, Vidar"]
[Black "Rasti, Arvin"]
[Result "1-0"]
[TimeControl "90 minutes for 40 moves + 30 minutes for the rest of the game + 30 seconds per move from move one."]
[WhiteTitle "FM"]
[BlackTitle "FM"]
[WhiteElo "2264"]
[BlackElo "2210"]

1. d4 Nf6 2. c4 c5 3. d5 b5 4. cxb5 a6 5. bxa6 g6 6. Nc3 Bg7 7. Nf3 O-O 8. g3 Bxa6 9. Bg2 d6 10.
O-O Nbd7 11. Rb1 Qa5 12. a4 Rfb8 13. Bd2 Ng4 14. Qc2 Qc7 15. b3 Rb7 16. h3 Ngf6 17. Rfe1 Rab8 18. e4 Qc8 19.
Na2 Rc7 20. Bc3 Nb6 21. Nd2 Qd7 22. a5 Nc8 23. Nc4 e6 24. dxe6 fxe6 25. e5 Nd5 26. Rbd1 dxe5 27. Nxe5 Qb5 28.
Rxd5 exd5 29. Bxd5+ Kf8 30. Bc4 Qb7 31. Nxg6+ hxg6 32. Qxg6 1-0

[Event "Schack-SM 2024: Junior-SM"]
[Site "Fortnox Arena, Hejaregatan 5, Vaxjo, Sweden"]
[Date "2024.07.02"]
[Round "4.4"]
[White "Soderstrom, Adrian"]
[Black "Seo, Jung Hyun"]
[Result "0-1"]
[TimeControl "90 minutes for 40 moves + 30 minutes for the rest of the game + 30 seconds per move from move one."]
[WhiteTitle "FM"]
[WhiteElo "2351"]
[BlackElo "2137"]

1. d4 Nf6 2. c4 e6 3. Nf3 d5 4. g3 dxc4 5. Bg2 a6 6. O-O Nc6 7. Nc3 Rb8 8. e4 Be7 9. Qe2 b5 10.
Rd1 O-O 11. d5 exd5 12. e5 d4 13. exf6 Bxf6 14. Ne4 Be7 15.
b3 f5 16. bxc4 fxe4 17. Qxe4 Bb7 18. Bf4 Bf6 19. cxb5 Ne5 20. Qe2 d3 21. Qe3 Bxf3 22. Bxf3 Nxf3+ 23. Qxf3 Bxa1 24. Rxa1 Rxb5 25.
Qc6 Qd5 26. Qxc7 Rc5 27. Qe7 Rc6 28. Qe3 Re6 29. Qd2 Re2 30. Qc3 d2 31. Rd1 Rfe8 32. Bxd2 Rd8 33. Re1 Rxd2 0-1

[Event "Schack-SM 2024: Junior-SM"]
[Site "Fortnox Arena, Hejaregatan 5, Vaxjo, Sweden"]
[Date "2024.07.02"]
[Round "4.5"]
[White "Falkevall, Axel"]
[Black "Strom-Engdahl, Alexander"]
[Result "1-0"]
[TimeControl "90 minutes for 40 moves + 30 minutes for the rest of the game + 30 seconds per move from move one."]
[WhiteTitle "FM"]
[WhiteElo "2318"]
[BlackElo "2191"]

1. d4 Nf6 2. c4 e6 3. Nf3 b6 4. g3 Bb7 5. Bg2 Be7 6. O-O O-O 7. d5 exd5 8. Nh4 c6 9. cxd5 Nxd5 10.
Nf5 Nc7 11. e4 d5 12. exd5 cxd5 13. Nc3 Nd7 14. Nxd5 Nxd5 15. Bxd5 Bxd5 16. Qxd5 Nf6 17. Qf3 Bc5 18. Rd1 Qe8 19.
b4 Bxb4 20. Bb2 Qe6 21. a3 Bc5 22. Re1 Qd5 23. Nh6+ Kh8 24. Qxf6 gxf6 25. Bxf6# 1-0

[Event "Schack-SM 2024: Junior-SM"]
[Site "Fortnox Arena, Hejaregatan 5, Vaxjo, Sweden"]
[Date "2024.07.01"]
[Round "3.2"]
[White "Valcu, Lavinia"]
[Black "Grahn, Vidar"]
[Result "1/2-1/2"]
[TimeControl "90 minutes for 40 moves + 30 minutes for the rest of the game + 30 seconds per move from move one."]
[BlackTitle "FM"]
[WhiteElo "1971"]
[BlackElo "2264"]

1. d4 d5 2. c4 e6 3. Nf3 Nf6 4.
g3 Bb4+ 5. Bd2 a5 6. Bg2 O-O 7. O-O dxc4 8. Qc2 b5 9. a4 bxa4 10. Na3 Bb7 11. Nxc4 Bd5 12. Rxa4 Nc6 13. Nce5 Ra6 14.
Qd3 Rb6 15. Bg5 Be7 16. Nxc6 Bxc6 17. Rxa5 Rxb2 18. Rc1 Be4 19. Qe3 Bd5 20. Ra7 c6 21. h4 h6 22. Bxf6 Bxf6 23. Qd3 Bxf3 24.
Bxf3 Bxd4 25. Rd1 e5 26. e3 e4 27. Qxe4 Bxa7 28. Rxd8 Rxd8 29. Qxc6 Rbd2 30. Qb7 R2d7 31. Qe4 Bb8 32.
Bg4 Rd6 33. Qf3 Rf6 34. Qe2 g6 35. h5 Rfd6 1/2-1/2

[Event "Schack-SM 2024: Junior-SM"]
[Site "Fortnox Arena, Hejaregatan 5, Vaxjo, Sweden"]
[Date "2024.07.01"]
[Round "3.3"]
[White "Seo, Jung Hyun"]
[Black "Wernberg, Hugo"]
[Result "1/2-1/2"]
[TimeControl "90 minutes for 40 moves + 30 minutes for the rest of the game + 30 seconds per move from move one."]
[BlackTitle "FM"]
[WhiteElo "2137"]
[BlackElo "2208"]

1. e4 c5 2. Nf3 Nc6 3. d4 cxd4 4. Nxd4 e5 5. Nb5 d6 6. c4 Be6 7. N5c3 Nf6 8. Bd3 g6 9. Nd5 Bxd5 10. cxd5 Nd4 11. Be3 Bg7 12.
Nc3 O-O 13. O-O Nd7 14. Rc1 Rc8 15. Qd2 a6 16. f3 b5 17. Ne2 Nc5 18. Bb1 Qb6 19. Rfd1 Nxe2+ 20. Qxe2 b4 21. Rc4 Rc7 22.
g4 Rfc8 23. Rdc1 Qb7 24. Kg2 Bf8 25. Bd3 a5 26. Qd1 Be7 27. Be2 Bf8 28. Qc2 Qb6 29. Rb1 Qa7 30. a3 bxa3 31. bxa3 Rb8 32.
a4 Rxb1 33. Qxb1 Rb7 34. Qd1 Qb8 35. Rc3 Rb1 36. Rc1 Rb2 37. Bxc5 dxc5 38. Rc2 Qb3 39. Rxb2 Qxb2 40. Qd3 1/2-1/2

[Event "Schack-SM 2024: Junior-SM"]
[Site "Fortnox Arena, Hejaregatan 5, Vaxjo, Sweden"]
[Date "2024.07.01"]
[Round "3.4"]
[White "Rasti, Arvin"]
[Black "Strom-Engdahl, Alexander"]
[Result "1/2-1/2"]
[TimeControl "90 minutes for 40 moves + 30 minutes for the rest of the game + 30 seconds per move from move one."]
[WhiteTitle "FM"]
[WhiteElo "2210"]
[BlackElo "2191"]

1. Nf3 d5 2. g3 c6 3. Bg2 Bg4 4. O-O Nd7 5. c4 e6 6. cxd5 exd5 7. Nc3 Ngf6 8. d3 Bc5 9. Qc2 O-O 10.
h3 Bxf3 11. Bxf3 Qb8 12. Kg2 Re8 13. e4 dxe4 14. dxe4 a5 15. Bf4 Qa7 16. Rad1 Ne5 17. Be2 Ng6 18. Bg5 Bd4 19. Bc4 h6 20.
Bxf6 Bxf6 21. f4 Bxc3 22. Qxc3 Rxe4 23. Rd7 Re7 24. Rd6 Nf8 25. f5 b5 26. f6 gxf6 27. Bb3 a4 28. Bd1 Nh7 29. Bc2 Re2+ 30. Kh1 Rf2 31.
Bxh7+ Kxh7 32. Rxf2 Qxf2 33. Rxf6 Qa7 34. Qd2 Kg8 35. Rxh6 Qe7 36. Rh4 f5 37. Qc3 Qg7 38. Qxc6 Rf8 39. Rh6 Qf7 40. Qg6+ Qxg6 41. Rxg6+ Kh7 42.
Rb6 Rd8 43. Rxb5 Rd2 44. a3 Kg6 45. Kg1 Rc2 46. g4 f4 47. h4 f3 48. Rb6+ Kg7 49. Rb4 Kg6 50. Rxa4 Rxb2 51. Ra6+ Kg7 52.
Ra5 Kh6 53. Rh5+ Kg6 54. Rf5 Rb3 55. Kf2 Rxa3 56. Rxf3 Ra6 57. Rb3 Rc6 58. Kg3 Ra6 59. h5+ Kh6 60. Kh4 Ra4 61. Rb6+ Kg7 62.
h6+ Kh7 63. Kh5 Ra5+ 64. g5 Kg8 65. Kg6 Ra8 66. h7+ Kh8 67. Rf6 Ra6 68. Kh5 Ra5 69. Kh6 Ra6 70. Kg6 Rb6 71. Kh5 Rb5 72.
Rh6 Rb1 73. Kg4 Rg1+ 74. Kf4 Rf1+ 75. Ke3 Rg1 76. Rh5 Rg2 77. Kf4 Rg1 78. Rh6 Rf1+ 79. Ke3 Rg1 80. Rh5 Rg2 81. Kf3 Rg1 82.
Ke2 Rg2+ 83. Kf1 Rg3 84. Kf2 Rg4 85. Ke3 Rg3+ 86. Kf4 Rg1 87. Kf3 Rf1+ 88. Kg2 Rf5 89. Kh2 Rf4 90. Kg3 Rf1 91.
Rh2 Rg1+ 92. Kf4 Rf1+ 93. Ke5 Rf3 94. Rh4 Rf1 95. Ke6 Rf2 96. Ke5 Rf1 97. Rh3 Rf2 98. Ke4 Rf1 99. Rh2 Rg1 100.
Kf5 Rf1+ 101. Kg6 Rf6+ 102. Kh5 Rf1 103. Kg4 Rg1+ 104. Kf4 Rf1+ 105. Ke5 Rf3 106. Rh1 Rg3 107. Kf6 Rf3+ 108. Kg6 Rf6+ 109. Kh5 Rf2 110.
g6 Rg2 111. Rh4 Rxg6 112. Kxg6 1/2-1/2

[Event "Schack-SM 2024: Junior-SM"]
[Site "Fortnox Arena, Hejaregatan 5, Vaxjo, Sweden"]
[Date "2024.07.01"]
[Round "3.5"]
[White "Soderstrom, Adrian"]
[Black "Falkevall, Axel"]
[Result "1-0"]
[TimeControl "90 minutes for 40 moves + 30 minutes for the rest of the game + 30 seconds per move from move one."]
[WhiteTitle "FM"]
[BlackTitle "FM"]
[WhiteElo "2351"]
[BlackElo "2318"]

1. d4 Nf6 2. c4 e6 3. g3 Bb4+ 4.
Nd2 O-O 5. Bg2 d6 6. Ngf3 a5 7. O-O a4 8. Qc2 Qe7 9. Nb1 Bd7 10. Nc3 Re8 11. Bg5 Bxc3 12. Bxf6 Qxf6 13. Qxc3 e5 14.
dxe5 dxe5 15. Rfd1 Qe7 16. b4 axb3 17. axb3 Rxa1 18. Rxa1 Nc6 19. e3 b6 20. Nd2 f5 21. c5 Qxc5 22.
Qxc5 bxc5 23. Rc1 e4 24. Rxc5 Re5 25. Rc2 Kf8 26. f3 exf3 27. Bxf3 Re6 28. Kf2 Ke7 29. Rc5 Rf6 30. Nc4 g5 31.
h4 h6 32. Ke2 Kd8 33. hxg5 hxg5 34. Rd5 Ne7 35. Ra5 Bc6 36. Ne5 Bxf3+ 37. Kxf3 Ng6 38. Nxg6 Rxg6 39. Rxf5 Rb6 40. Rxg5 Rxb3 41.
Rg7 c5 42. Ke4 c4 43. Rg5 Rb6 44. Rc5 Re6+ 45. Kf4 Rf6+ 46. Kg4 Rg6+ 47. Kh4 Re6 48. Rxc4 Rxe3 49. g4 Ke7 50. Rf4 Re1 51.
Kh5 Rg1 52. g5 Ke6 53. Kh6 Rg2 54. g6 Ke7 55. Kh7 Rg1 56. g7 Rh1 57. Kg8 Rh2 58. Re4+ Kd6 59. Kf7 Rf2+ 60. Kg6 Rg2 61.
Kf6 Rg1 62. Rd4+ Kc6 63. Rd8 1-0

[Event "Schack-SM 2024: Junior-SM"]
[Site "Fortnox Arena, Hejaregatan 5, Vaxjo, Sweden"]
[Date "2024.06.30"]
[Round "2.1"]
[White "Grahn, Vidar"]
[Black "Nilsson, Oliver"]
[Result "1-0"]
[TimeControl "90 minutes for 40 moves + 30 minutes for the rest of the game + 30 seconds per move from move one."]
[WhiteTitle "FM"]
[WhiteElo "2264"]
[BlackElo "2099"]

1. e4 e5 2. Nf3 Nc6 3. Bb5 Nf6 4. d3 Bc5 5. O-O O-O 6. c3 d5 7. exd5 Qxd5 8. Bc4 Qd6 9. b4 Bb6 10.
Nbd2 Bf5 11. Qc2 a5 12. b5 Ne7 13. a4 Rad8 14. Qb3 Ned5 15. Ba3 Bc5 16. Bxc5 Qxc5 17. Nxe5 Be6 18. d4 Qd6 19.
Rfe1 Rfe8 20. Ndf3 h6 21. Nd3 Nd7 22. Nfe5 N7b6 23. Nc5 Bc8 24. Bf1 Re7 25. Nf3 Rde8 26. Rxe7 Rxe7 27. Re1 Rxe1 28.
Nxe1 Qf4 29. Ned3 Qg5 30. Ne4 Qg6 31. f3 Ne3 32. Ne5 Be6 33. c4 1-0

[Event "Schack-SM 2024: Junior-SM"]
[Site "Fortnox Arena, Hejaregatan 5, Vaxjo, Sweden"]
[Date "2024.06.30"]
[Round "2.2"]
[White "Frank, Anton 2006"]
[Black "Seo, Jung Hyun"]
[Result "1-0"]
[TimeControl "90 minutes for 40 moves + 30 minutes for the rest of the game + 30 seconds per move from move one."]
[WhiteElo "2131"]
[BlackElo "2137"]

1. e4 e6 2. d4 d5 3. e5 c5 4. c3 Nc6 5. Nf3 Bd7 6. Be2 Nge7 7. Na3 Ng6 8. h4 Be7 9. h5 Nh4 10.
Nxh4 Bxh4 11. h6 g6 12. Nc2 cxd4 13. cxd4 Be7 14. Bd2 Qb6 15. Bc3 Nb4 16. Ne3 Bb5 17. O-O Bxe2 18. Qxe2 Nc6 19.
Qg4 O-O 20. Rad1 f5 21. exf6 Rxf6 22. Qe2 Qa6 23. Rfe1 Qxe2 24. Rxe2 Kf7 25. g3 Bf8 26. Ng4 Rf5 27. Rde1 Re8 28.
Ne3 Bxh6 29. Nxf5 gxf5 30. b4 Bg7 31. Rd1 b5 32. a4 Rb8 33. Ra2 bxa4 34. Rxa4 Rb6 35. Kg2 a6 36. f4 Ke7 37.
Kf2 Kf7 38. Ke3 Bf8 39. Rb1 Kg6 40. Kd3 h6 41. Ke3 Be7 42. Rb3 Kf6 43. Kf3 h5 44. Rb2 Kf7 45. Ra1 Nxb4 46. Ra4 a5 47.
Rxa5 Rb8 48. Ra7 Nc6 49. Rc7 Rxb2 50. Bxb2 Nb4 51. Rxe7+ Kxe7 52. Ba3 Kd6 53. Bxb4+ Kc6 54. Kg2 Kb5 55.
Bd6 Kc4 56. Be5 Kd3 57. Kh3 Ke3 58. Kh4 Kf3 59. Kxh5 1-0

[Event "Schack-SM 2024: Junior-SM"]
[Site "Fortnox Arena, Hejaregatan 5, Vaxjo, Sweden"]
[Date "2024.06.30"]
[Round "2.3"]
[White "Strom-Engdahl, Alexander"]
[Black "Valcu, Lavinia"]
[Result "1/2-1/2"]
[TimeControl "90 minutes for 40 moves + 30 minutes for the rest of the game + 30 seconds per move from move one."]
[WhiteElo "2191"]
[BlackElo "1971"]

1. e4 g6 2. d4 d6 3. Nf3 Bg7 4. Be2 Nd7 5. O-O e5 6. dxe5 dxe5 7. Nc3 Ngf6 8. a4 O-O 9. Bc4 Qe7 10.
Be3 c6 11. Re1 Nc5 12. Bd3 Rd8 13. Qe2 Bg4 14. Rad1 Nh5 15. h3 Bd7 16. Bc4 h6 17. Rd2 Nf6 18. Bxc5 Qxc5 19. Red1 Qe7 20.
Qe3 Re8 21. Bb3 Bf8 22. Rd3 Kg7 23. Nd2 Be6 24. Nc4 Bxc4 25. Bxc4 Qc5 26. Qxc5 Bxc5 27. g3 a6 28. Bb3 b5 29.
Re1 Red8 30. Kg2 Rxd3 31. cxd3 Rd8 32. Rd1 Bd4 33. Bc2 Ne8 34. Rb1 Nc7 35. Ne2 Ne6 36. b4 Bb6 37. axb5 axb5 38.
Ra1 Nd4 39. Bd1 Nxe2 40. Bxe2 Bd4 41. Rc1 Rd6 42. Rc2 Kf8 43. Kf1 Ke7 44. Ke1 Rf6 45. f3 Kd6 46.
Bd1 Re6 47. Kd2 Bf2 48. g4 Kc7 49. Ra2 Kb7 50. Bb3 Re7 51. Ke2 Bb6 52. Kd2 Rd7 53. Kc3 Bc7 54. Rb2 Bd6 55. Ba2 Bf8 56.
Bb3 g5 57. Ba2 f6 58. Be6 Rd8 59. Bf7 Bd6 60. Be6 Bc7 61. Kc2 Bb6 62. Ra2 Bd4 63. Kd2 Ra8 64. Rxa8 Kxa8 65. Bd7 Kb7 66.
Kc2 Kb6 67. Be8 c5 68. bxc5+ Kxc5 69. Kd2 Bf2 70. Ke2 Bg3 71. d4+ exd4 72. Kd3 Be1 73. Bf7 Bc3 74. e5 fxe5 75. Be8 Be1 76.
Bd7 Bg3 77. Be8 Kb4 78. Bd7 Ka5 79. Be8 Be1 80. Bd7 b4 81. Kc4 Bc3 82. Be8 Kb6 83. Ba4 Kc7 84. Bb3 Kd6 85. Kd3 Ke7 86.
Ke4 Kf6 87. Kd3 e4+ 88. Kxe4 d3 89. Kxd3 Ke5 90. Bf7 Kf4 91. Kc2 Kxf3 92. Kb3 Kg3 93. Bh5 Kxh3 1/2-1/2

[Event "Schack-SM 2024: Junior-SM"]
[Site "Fortnox Arena, Hejaregatan 5, Vaxjo, Sweden"]
[Date "2024.06.30"]
[Round "2.4"]
[White "Wernberg, Hugo"]
[Black "Soderstrom, Adrian"]
[Result "1/2-1/2"]
[TimeControl "90 minutes for 40 moves + 30 minutes for the rest of the game + 30 seconds per move from move one."]
[WhiteTitle "FM"]
[BlackTitle "FM"]
[WhiteElo "2208"]
[BlackElo "2351"]

1. Nf3 d5 2. e3 Nf6 3. c4 c6 4. Qc2 e6 5. b3 Bd6 6. Bb2 O-O 7. d4 Ne4 8. Bd3 f5 9. O-O Nd7 10.
Ne5 Qc7 11. f4 Nxe5 12. fxe5 Be7 13. Ba3 Bxa3 14. Nxa3 Qe7 15. Qb2 Bd7 16. Bxe4 fxe4 17. b4 a6 18. c5 Qg5 19. Qe2 Rf5 20.
Rxf5 exf5 21. Nc2 Rf8 1/2-1/2

[Event "Schack-SM 2024: Junior-SM"]
[Site "Fortnox Arena, Hejaregatan 5, Vaxjo, Sweden"]
[Date "2024.06.30"]
[Round "2.5"]
[White "Falkevall, Axel"]
[Black "Rasti, Arvin"]
[Result "1-0"]
[TimeControl "90 minutes for 40 moves + 30 minutes for the rest of the game + 30 seconds per move from move one."]
[WhiteTitle "FM"]
[BlackTitle "FM"]
[WhiteElo "2318"]
[BlackElo "2210"]

1. d4 Nf6 2. c4 g6 3. Nc3 Bg7 4. e4 d6 5. h3 O-O 6. Be2 c5 7. d5 e6 8. Nf3 exd5 9. exd5 Re8 10. O-O Bf5 11. Re1 Ne4 12.
Nxe4 Rxe4 13. Bg5 Qf8 14. Qb3 h6 15. Be3 Re7 16. Bf4 Qd8 17. Bf1 Na6 18. Rxe7 Qxe7 19. Re1 Qc7 20. Qe3 Nb4 21.
g4 Bd7 22. Qd2 Nxa2 23. Bxh6 Qd8 24. Bg5 Qc7 25. Qf4 Re8 26. Rxe8+ Bxe8 27. Bf6 Qd7 28. Ng5 Bh6 29. Qg3 Bxg5 30.
Bxg5 f5 31. Bf4 fxg4 32. hxg4 b5 33. Bxd6 bxc4 34. Bxc4 Nb4 35. Be5 Bf7 36. Qh4 Bxd5 37. Qh8+ Kf7 38. Qf6+ Ke8 39. Qxg6+ Kd8 40. Qf6+ Kc8 41. Qf8+ 1-0

[ePGN "0.1;DGT LiveChess/2.2.6"]

[Event "Schack-SM 2024: Junior-SM"]
[Site "Fortnox Arena, Hejaregatan 5, Vaxjo, Sweden"]
[Date "2024.06.29"]
[Round "1.1"]
[White "Wernberg, Hugo"]
[Black "Falkevall, Axel"]
[Result "1/2-1/2"]
[TimeControl "90 minutes for 40 moves + 30 minutes for the rest of the game + 30 seconds per move from move one."]
[WhiteTitle "FM"]
[BlackTitle "FM"]
[WhiteElo "2208"]
[BlackElo "2318"]

1. d4 Nf6 2. c4 g6 3. Nf3 Bg7 4. g3 O-O 5. Bg2 d6 6. Nc3 c5 7. O-O Nc6 8. d5 Na5 9. Nd2 e6 10.
Rb1 exd5 11. cxd5 Bd7 12. Nde4 Ne8 13. Qd3 c4 14. Qe3 h6 15. b4 cxb3 16. axb3 Rc8 17. Nd1 f5 18. Nd2 b6 19.
Bb2 Nf6 20. Qd3 Nb7 21. b4 Qe8 22. Re1 Bb5 23. Qa3 Rc2 24. Nf3 a5 25. Nd4 Rc4 26. bxa5 bxa5 27. Ba1 Ra4 28. Qe3 Ng4 29.
Qxe8 Bxe8 30. e3 Nc5 31. Nc3 Rb4 32. Ne6 Rf7 33. Nxc5 dxc5 34. d6 Rd7 35. Bc6 Rd8 36. Bxe8 Rxe8 37.
Nd5 Rxb1 38. Rxb1 Bxa1 39. Rxa1 Rd8 40. Rxa5 Rxd6 41. Rxc5 Kf7 42. Kg2 Ne5 43. h4 Nd3 44. Ra5 Rc6 45.
Ra3 Ne5 46. Ra7+ Ke6 47. Nf4+ Kf6 48. h5 gxh5 49. Nxh5+ Kg6 50. Nf4+ Kf6 51. Nd5+ Ke6 52. Nc7+ Kf7 53. Nb5+ Kg6 54.
Nd4 Rb6 55. Ra5 Nc6 56. Ra3 Ne5 57. Rc3 Rb2 58. Ne6 Ng4 59. Nf4+ Kf6 60. Nh3 Ra2 61. Rc6+ Ke5 62. Rc3 Kf6 63. Kf1 Ra1+ 64. Kg2 Ra2 65.
Rd3 Ke5 66. Kf1 Nh2+ 67. Kg2 Ng4 68. Rb3 Kf6 69. Kf1 Ra1+ 70. Kg2 Ra2 71. Rb6+ Ke5 72. Kf1 Ra1+ 73. Ke2 Ra2+ 74. Kf3 Nh2+ 75.
Kg2 Ng4 76. Rb5+ 1/2-1/2

[Event "Schack-SM 2024: Junior-SM"]
[Site "Fortnox Arena, Hejaregatan 5, Vaxjo, Sweden"]
[Date "2024.06.29"]
[Round "1.2"]
[White "Soderstrom, Adrian"]
[Black "Frank, Anton 2006"]
[Result "1/2-1/2"]
[TimeControl "90 minutes for 40 moves + 30 minutes for the rest of the game + 30 seconds per move from move one."]
[WhiteTitle "FM"]
[WhiteElo "2351"]
[BlackElo "2131"]

1. d4 d5 2. c4 e6 3. Nf3 Nf6 4. Nc3 Nbd7 5. e3 Bb4 6. Be2 c5 7. cxd5 exd5 8. O-O O-O 9. Bd2 Bxc3 10.
Bxc3 Ne4 11. Rc1 Nxc3 12. Rxc3 c4 13. Nd2 Nf6 14. Bf3 Bf5 15. Re1 Re8 16. Nf1 b5 17. Ng3 Bg6 18. Rc1 a5 19.
Ne2 b4 20. Qa4 Qb6 21. Nf4 Be4 22. Bxe4 Rxe4 23. Qc2 Rae8 24. Ne2 g6 25. b3 Rc8 26. Nf4 Re7 27. Nd3 Nd7 28. Nf4 Nf6 29.
Nd3 Nd7 30. Nf4 1/2-1/2

[Event "Schack-SM 2024: Junior-SM"]
[Site "Fortnox Arena, Hejaregatan 5, Vaxjo, Sweden"]
[Date "2024.06.29"]
[Round "1.3"]
[White "Nilsson, Oliver"]
[Black "Strom-Engdahl, Alexander"]
[Result "1-0"]
[TimeControl "90 minutes for 40 moves + 30 minutes for the rest of the game + 30 seconds per move from move one."]
[WhiteElo "2099"]
[BlackElo "2191"]

1. e4 e5 2. Nf3 Nc6 3. d4 exd4 4. Nxd4 Nf6 5. Nxc6 bxc6 6. Bd3 d5 7. Nd2 Bc5 8. O-O Bg4 9. Qe1 O-O 10.
e5 Nd7 11. Nb3 Bb6 12. Bf4 f6 13. e6 Re8 14. Qc3 Rxe6 15. h3 Bh5 16. Bf5 Re7 17. Qxc6 Ne5 18. Be6+ Bf7 19. Bxf7+ Kxf7 20. Bxe5 Rxe5 21. c4 Re6 22.
Qa4 Re4 23. Rac1 Qd6 24. Qb5 c6 25. Qa6 Bc7 26. g3 Rae8 27. cxd5 Bb6 28. Kh2 cxd5 29. Rc2 h5 30. Rd1 d4 31.
Qc4+ Kg6 32. Nd2 Re1 33. Qd3+ Kf7 34. Rxe1 Rxe1 35. Nf3 Ra1 36. Re2 Qd5 37. a3 h4 38. gxh4 Qd6+ 39. Kg2 Rc1 40.
h5 Rc8 41. Qg6+ Kg8 42. h6 Qd7 43. Re6 Rf8 44. Rd6 Qf7 45. Qxg7+ Qxg7+ 46. hxg7 Kxg7 47. Nxd4 Rc8 48. Nf5+ Kh7 49.
Rd7+ Kh8 50. Rd2 a5 51. Nd6 Rc1 52. Ne4 Kg7 53. Nxf6 a4 54. Nd5 Ba5 55. Re2 Rc5 56. Ne3 Bc7 57. Rc2 Rxc2 58. Nxc2 Be5 59. Ne3 Bxb2 60.
Nc4 Bc1 61. Kf3 Kg6 62. Kg4 Kf6 63. f4 Kg6 64. h4 Kf6 65. h5 Kf7 66. Kf5 Kg7 67. Kg5 Kh7 68. h6 Kh8 69. Kf5 Kh7 70.
Kg5 Kh8 71. Kg6 Bxf4 72. Nb6 Bd6 73. Nc4 Bf4 74. h7 Bd6 75. Nb6 Bxa3 76. Nc4 Bb2 77. Nd6 1-0

[Event "Schack-SM 2024: Junior-SM"]
[Site "Fortnox Arena, Hejaregatan 5, Vaxjo, Sweden"]
[Date "2024.06.29"]
[Round "1.4"]
[White "Seo, Jung Hyun"]
[Black "Grahn, Vidar"]
[Result "1-0"]
[TimeControl "90 minutes for 40 moves + 30 minutes for the rest of the game + 30 seconds per move from move one."]
[BlackTitle "FM"]
[WhiteElo "2137"]
[BlackElo "2264"]

1. e4 c5 2. Nc3 Nc6 3. f4 g6 4. Nf3 Bg7 5. a3 e6 6. b4 b6 7. e5 d6 8. Bb5 Nge7 9. Ne4 dxe5 10.
fxe5 O-O 11. Nf6+ Kh8 12. Bb2 a6 13. Bd3 Nd5 14. Be4 Bb7 15. bxc5 bxc5 16. O-O Nxf6 17. exf6 Bxf6 18. Bxf6+ Qxf6 19.
Rb1 Qe7 20. Rxb7 Qxb7 21. Ne5 Qc7 22. Nxc6 f6 23. d4 cxd4 24. Qxd4 e5 25. Qb2 a5 26. Rb1 Qd6 27. Qc3 Rac8 28.
Bf3 Rfe8 29. Rd1 Qe6 30. Qc5 e4 31. Rd6 Qa2 32. Be2 Re6 33. Rd8+ Rxd8 34. Nxd8 Qa1+ 35. Bf1 Re8 36. Nf7+ Kg7 37.
Nd6 Qe5 38. Nxe8+ Qxe8 39. Qe3 Qe5 40.
c3 g5 41. g3 Kg6 42. Bg2 f5 43. g4 h5 44. gxf5+ Kxf5 45. Qf2+ Kg6 46. Qe3 Kf5 47. a4 Qd5 48. Qd4 Qb7 49.
Qc5+ Kf4 50. Qd6+ Kf5 51. Qc5+ Kf4 52. Qf2+ Ke5 53. Qg3+ Kf5 54. Qh3+ Kf4 55. Qg3+ Kf5 56. Qf2+ Ke5 57.
h4 gxh4 58. Qd4+ Kf4 59. Qf2+ Ke5 60. Qxh4 Qb6+ 61. Kh2 Qb1 62. Qxh5+ Kf4 63. Qh6+ Kg4 64. Qg6+ Kf4 65. Qg3+ Kf5 66.
Bh3+ Kf6 67. Qd6+ Kg5 68. Qe5+ Kh6 69. Bg2 Qc1 70. Qxe4 Kg5 71. Qe5+ Kg4 72. Qd4+ Kf5 73. c4 Qc2 74.
c5 Kg5 75. c6 Qh7+ 76. Kg3 Qc7+ 77. Kf2 Qf7+ 78. Kg1 Qe7 79. Qd5+ Kh6 80. Qd2+ Kg6 81. Be4+ Kh5 82. Qxa5+ Kh6 83.
Qd2+ Kh5 84. Bf3+ Kg6 85. Qf2 Qb4 86. c7 1-0

[Event "Schack-SM 2024: Junior-SM"]
[Site "Fortnox Arena, Hejaregatan 5, Vaxjo, Sweden"]
[Date "2024.06.29"]
[Round "1.5"]
[White "Valcu, Lavinia"]
[Black "Rasti, Arvin"]
[Result "1-0"]
[TimeControl "90 minutes for 40 moves + 30 minutes for the rest of the game + 30 seconds per move from move one."]
[BlackTitle "FM"]
[WhiteElo "1971"]
[BlackElo "2210"]

1. d4 Nf6 2. Bg5 e6 3. e4 h6 4. Bxf6 Qxf6 5. Nc3 d6 6. Qd2 g6 7. O-O-O Bg7 8. f4 O-O 9. Nf3 a6 10.
Bd3 b5 11. e5 Qe7 12. Ne4 Nd7 13. h4 h5 14. g4 hxg4 15. h5 gxf3 16. Rdg1 Bb7 17. hxg6 f5 18. Qh2 Rfe8 19. Rg3 Nxe5 20.
dxe5 Kf8 21. Rh3 Qd8 22. Rh7 Qd7 23. Rh8+ 1-0